 Dungeon Crawl Stone Soup version 0.21-a0-474-g05767a10c8 (webtiles) character file.

15 Kaname the Magician (level 2, 0/19 HPs)
             Began as a Demonspawn Wizard on Nov 22, 2017.
             Slain by an adder (3 damage)
             ... on level 2 of the Dungeon.
             The game lasted 00:01:53 (651 turns).

Kaname the Magician (Demonspawn Wizard)              Turns: 651, Time: 00:01:53

Health: 0/19       AC:  3    Str:  7    XL:     2   Next: 34%
Magic:  1/6        EV: 12    Int: 19    God:
Gold:   42         SH:  0    Dex: 11    Spells: 6/7 levels left

rFire    x . .     SeeInvis .   q - +0 long sword
rCold    + . .     Gourm    +   (no shield)
rNeg     . . .     Faith    .   a - +0 robe
rPois    .         Spirit   .   b - +0 hat
rElec    .         Reflect  .   (no cloak)
rCorr    .         Harm     .   i - +0 pair of gloves
MR       .....                  (no boots)
Stlth    ++........             n - amulet of the gourmand (curse)
HPRegen  0.06/turn              o - ring of ice
MPRegen  0.10/turn              (no ring)

@: lethally poisoned (0 -> -7), flying
A: powered by pain 1
a: no special abilities


You were on level 2 of the Dungeon.
You were not hungry.

You visited 1 branch of the dungeon, and saw 2 of its levels.

You collected 42 gold pieces.

Inventory:

Hand Weapons
 q - a +0 long sword (weapon)
Missiles
 h - 2 tomahawks (quivered)
Armour
 a - a +0 robe (worn)
 b - a +0 hat (worn)
 i - a +0 pair of gloves (worn)
Jewellery
 n - a cursed amulet of the gourmand (around neck)
 o - a ring of ice (left hand)
Scrolls
 e - a scroll of amnesia {unknown}
 g - 2 scrolls of identify {unknown}
Potions
 f - a potion of heal wounds {unknown}
 j - a potion of flight
 l - 2 potions of resistance {unknown}
 m - a potion of curing {unknown}
 p - a potion of mutation {unknown}
Books
 c - a book of Minor Magic

   Spells                             Type                      Level
   a - Magic Dart                     Conjuration                  1
   b - Blink                          Translocation                2
   c - Call Imp                       Summoning                    2
   d - Slow                           Hexes                        2
   e - Conjure Flame                  Conjuration/Fire             3
   f - Mephitic Cloud                 Conjuration/Poison/Air       3
Comestibles
 d - 2 bread rations


   Skills:
 - Level 1.7 Dodging
 - Level 1.7 Stealth
 - Level 3.0 Spellcasting
 + Level 2.4 Conjurations
   Level 1.0 Summonings
   Level 0.8 Translocations


You had 6 spell levels left.
You knew the following spells:

 Your Spells              Type           Power        Failure   Level  Hunger
a - Magic Dart            Conj           ##..         5%          1    None


Dungeon Overview and Level Annotations

Branches:
Dungeon (2/15)

Altars:
Ashenzari


Innate Abilities, Weirdness & Mutations

You sometimes gain a little power by taking damage.


Message History

The adder is moderately wounded.
The adder bites you. The ooze barely misses you.
You riposte.
You hit the ooze.
The ooze is moderately wounded.
The adder closely misses you.
You barely miss the adder.
The adder is moderately wounded.
You feel sick. The ooze hits you.
* * * LOW HITPOINT WARNING * * *
The adder closely misses you.
You hit the adder.
The adder is almost dead.
* * * LOW HITPOINT WARNING * * *
You feel sick. The adder barely misses you. The ooze hits you.
* * * LOW HITPOINT WARNING * * *
The adder bites you but does no damage. The ooze barely misses you.
Your magical contamination has completely faded away.
It was a potion of flight.
You feel very buoyant.
You fly up into the air.
The adder bites you.
You die...

....... ....... ..
.......##.#
....(...#.#.#
....)...#.#.####.
........#.#...<..
.......?#......#.#
#JS......#.#
##@......#.#
.#####....####.#
#.......>.......#
................########
.......#.#.†............
......#..#.####.########
.....#.#.#.###...#
....#.##.#...#.#.#
...#.# #.#.#.._..#


You could see an ooze and an adder.

Vanquished Creatures
  2 giant cockroaches (D:1)
  A goblin (D:1)
  A hobgoblin (D:1)
  2 kobolds (D:2)
  3 bats
  3 frilled lizards (D:1)
  3 rats (D:1)
15 creatures vanquished.

Notes
Turn   | Place    | Note
-------+----------+-------------------------------------------
     0 | D:1      | Kaname the Demonspawn Wizard began the quest for the Orb.
     0 | D:1      | Reached XP level 1. HP: 13/13 MP: 4/4
   412 | D:1      | Gained mutation: You sometimes gain a little power by taking damage. [demonic ancestry]
   412 | D:1      | Reached XP level 2. HP: 19/19 MP: 4/6
   579 | D:2      | Found a shattered altar of Ashenzari.
   651 | D:2      | Slain by an adder

Vault maps used:
D:1:      minmay_arrival_widening_spiral_wide, serial_glass, glass_columns_a,
          glass_columns_a
D:2:      wad_pebble_path, first_bread, ashenzari_altar_1

Skill      XL: |  1 |
---------------+----+-----
Conjurations   | 2 |  2.4
Dodging        | |  1.7
Stealth        | |  1.7
Spellcasting   | |  3.0
Summonings     | |  1.0
Translocations | |  0.8

Action                   || total
-------------------------++-------
Melee: Unarmed           ||    30
       Long sword        ||     7
Throw: Tomahawk          ||     1
 Cast: Magic Dart        ||    27
  Use: Potion            ||     1
Armor: Robe              ||    10
Dodge: Dodged            ||    36
       Rpst.: Long sword ||     1

Table legend:
 A = Spawn XP
 B = Non-spawn XP
 C = Spawn XP percentage of total XP
 D = Spawn monster count
 E = Non-spawn monster count
 F = Spawn count percentage of total count
 G = Total turns spent on level
                    A         B        C        D         E        F      G
               +---------+---------+-------+---------+---------+-------+---------
         Total |       0 |      22 |   0.0 |       0 |      15 |   0.0 |   651
               +---------+---------+-------+---------+---------+-------+---------
           D:1 |       0 |      16 |   0.0 |       0 |      12 |   0.0 |   537
           D:2 |       0 |       6 |   0.0 |       0 |       3 |   0.0 |   114
               +---------+---------+-------+---------+---------+-------+---------
